 Dungeon Crawl Stone Soup version 0.28.0-49-g6dfe1f597d (webtiles) character file.

Game seed: 7833320772638378757

21 Exodus22XD the Poker (level 2, 20/22 HPs)
             Began as a Demonspawn Gladiator on May 15, 2022.
             Was a Follower of Vehumet.
             Quit the game on level 1 of the Dungeon.
             The game lasted 00:00:56 (367 turns).

Exodus22XD the Poker (Demonspawn Gladiator)          Turns: 367, Time: 00:00:57

Health: 20/22      AC:  4    Str: 14    XL:     2   Next: 62%
Magic:  2/2        EV: 12    Int:  9    God:    Vehumet [*.....]
Gold:   13         SH:  4    Dex: 14    Spells: 1/1 levels left

rFire   . . .      SeeInvis .   a - +0 trident
rCold   . . .      Faith    .   (no shield)
rNeg    . . .      Spirit   .   b - +0 leather armour
rPois   .          Reflect  .   c - +0 helmet
rElec   .          Harm     .   (no cloak)
rCorr   .          Rampage  .   (no gloves)
Will    .....                   (no boots)
Stlth   +.........              (no amulet)
HPRegen 0.07/turn               (no ring)
MPRegen 0.08/turn               (no ring)

@: no status effects
A: condensation shield
a: Renounce Religion


You were on level 1 of the Dungeon.
You worshipped Vehumet.
Vehumet was aware of your devotion.
You visited 1 branch of the dungeon, and saw 1 of its levels.

You collected 13 gold pieces.

Inventory:

Hand Weapons
 a - a +0 trident (weapon)
Missiles
 d - 3 throwing nets (quivered)
Armour
 b - a +0 leather armour (worn)
 c - a +0 helmet (worn)
Scrolls
 e - a scroll of teleportation {unknown}
Potions
 f - a potion of resistance {unknown}
 g - a potion of curing {unknown}


   Skills:
 + Level 2.2 Fighting
 + Level 3.1 Polearms
 + Level 1.8 Throwing
 + Level 3.0 Dodging


You had one spell level left.
You didn't know any spells.
Your spell library was empty.

Dungeon Overview and Level Annotations

Branches:
Dungeon (1/15)

Altars:
Vehumet


Innate Abilities, Weirdness & Mutations

A meltable shield of frost defends you. (SH +4)


Message History

You cannot tell which god this altar belongs to.
Convert to them anyway?
Vehumet accepts your prayer! Vehumet welcomes you!
You can now gain magical power from killing.
Vehumet offers you knowledge of Magic Dart.
You hit the dart slug.
The dart slug is heavily wounded.
The goblin misses you. The dart slug misses you.
You completely miss the dart slug.
The dart slug is heavily wounded.
The goblin barely misses you. The dart slug launches a dart at you.
The slug dart hits you. The goblin hits you but does no damage.
You hit the dart slug. You punch the dart slug.
You kill the dart slug!
Vehumet accepts your kill. The goblin hits you but does no damage.
Unknown command.
Press < or > to pray at altars.
You hit the goblin but do no damage. You punch the goblin.
The goblin is severely wounded.
The goblin barely misses you.
You puncture the goblin!
You kill the goblin!
Vehumet accepts your kill.
Unknown command.
Press < or > to pray at altars.
No target in view!
Unknown command.
Press < or > to pray at altars.
No target in view!
Unknown command.
Press < or > to pray at altars.
Unknown command.
Unknown command.
Unknown command.
Unknown command.
Unknown command.
Unknown command.
Are you sure you want to abandon this character and quit the game? (Confirm with "yes".)

###.#............###.#
##...#..#########.....#
#............ ..#####
#..##.####### ## #..
#....# #..##.##.###
###.#.......#
#......8.8..#
#...#.8@8.8.##..
#......8_8......
#.....8†8)8.#...
#...#.)8(8......
#.?.........#.#.
#.####.#....+ # #.
#.#....# #.#....#
..#.####


There were no monsters in sight!

Vanquished Creatures
  A dart slug (D:1)
  3 bats (D:1)
  An endoplasm (D:1)
  3 giant cockroaches (D:1)
  A goblin (D:1)
  3 kobolds (D:1)
  2 ball pythons (D:1)
  A frilled lizard (D:1)
  2 rats (D:1)
17 creatures vanquished.

Notes
Turn   | Place    | Note
-------+----------+-------------------------------------------
     0 | D:1      | Exodus22XD the Demonspawn Gladiator began the quest for the
                  | Orb.
     0 | D:1      | Reached XP level 1. HP: 16/16 MP: 1/1
   152 | D:1      | Gained mutation: A meltable shield of frost defends you.
                  | (SH +4) [demonic ancestry]
   152 | D:1      | Reached XP level 2. HP: 22/22 MP: 2/2
   351 | D:1      | Found a faded altar of an unknown god.
   359 | D:1      | Prayed at the altar of an unknown god.
   359 | D:1      | Became a worshipper of Vehumet
   359 | D:1      | Reached * piety under Vehumet
   359 | D:1      | Offered knowledge of Magic Dart by Vehumet.
   367 | D:1      | Quit the game

Illustrated notes

Levels and vault maps discovered:
D:1:      moated_graveyard_arrival, layout_basic,
          chequers_ecumenical_altar_simple_redux, grunt_decor_arrowhead

Skill      XL: |  1  2 |
---------------+-------+-----
Dodging        | 3 |  3.0
Polearms       | 3 |  3.1
Fighting       | |  2.2
Throwing       | |  1.8

Action                   || total
-------------------------++-------
Melee: Trident           ||    54
       Punch             ||     2
 Stab: Sleeping          ||     1
Armor: Leather armour    ||    12
Dodge: Dodged            ||    23
Block: Other             ||     7
